 Dungeon Crawl Stone Soup version 0.29-a0-9-g022ca4c890 (webtiles) character file.

Game seed: 17111186762282224208

4203 gregest the Severer (level 10, -10/78 HPs)
             Began as a Minotaur Berserker on Jan 28, 2022.
             Was an Elder of Trog.
             Mangled by an acid dragon (14 damage)
             ... on level 9 of the Dungeon.
             The game lasted 00:21:06 (10859 turns).

gregest the Severer (Minotaur Berserker)           Turns: 10859, Time: 00:21:07

Health: -10/78     AC:  2    Str: 33    XL:     10   Next: 8%
Magic:  9/9        EV: 11    Int:  4    God:    Trog [****..]
Gold:   310        SH:  5    Dex: 12    Spells: 9/9 levels left

rFire   . . .      SeeInvis .   H - +7 broad axe "Uloupn" {vorpal, rN+ Dex+3}
rCold   . . .      Faith    .   (no shield)
rNeg    + . .      Spirit   .   E - +0 scale mail
rPois   +          Reflect  +   (helmet restricted)
rElec   .          Harm     .   (no cloak)
rCorr   .          Rampage  .   (no gloves)
Will    .....                   (no boots)
Stlth   ..........              D - amulet of reflection
HPRegen 0.23/turn               q - +6 ring of strength
MPRegen 0.11/turn               K - ring of poison resistance

@: spiked, corroded, studying Polearms
A: horns 2, retaliatory headbutt
a: Renounce Religion, Berserk, Trog's Hand, Brothers in Arms


You were on level 9 of the Dungeon.
You worshipped Trog.
Trog was greatly pleased with you.
You visited 1 branch of the dungeon, and saw 9 of its levels.
You also visited: Sewer.

You collected 590 gold pieces.
You spent 280 gold pieces at shops.

Inventory:

Hand Weapons
 a - a +0 hand axe
 u - a +0 vampiric long sword
 H - the +7 broad axe "Uloupn" (weapon) {vorpal, rN+ Dex+3}
   (You found it on level 7 of the Dungeon)

   It inflicts extra damage upon your enemies.
   Dex:       It affects your dexterity (+3).
   rN:        It protects you from negative energy.
 I - a +4 battleaxe of freezing
Missiles
 o - 63 sling bullets
Armour
 b - a +0 animal skin
 h - a +0 ring mail
 p - a +0 helmet
 E - a +0 scale mail (worn)
Magical Staves
 j - a staff of poison
 n - a staff of death
Jewellery
 q - a +6 ring of strength (left hand)
 s - a ring of magical power
 D - an amulet of reflection (around neck)
 K - a ring of poison resistance (right hand)
 L - a +4 ring of slaying
 P - a ring of magical power
Wands
 y - a wand of polymorph (10)
 F - a wand of iceblast (7)
 G - a wand of digging (9)
 J - a wand of acid (6)
Scrolls
 d - 6 scrolls of teleportation
 e - 3 scrolls of enchant armour
 g - a scroll of vulnerability
 k - a scroll of noise {unknown}
 l - 2 scrolls of fog
 r - 2 scrolls of amnesia {unknown}
 t - 2 scrolls of blinking {unknown}
 z - a scroll of magic mapping {unknown}
 M - a scroll of enchant weapon {unknown}
 N - a scroll of brand weapon {unknown}
 O - a scroll of identify
Potions
 c - a potion of magic {unknown}
 f - 6 potions of berserk rage
 i - 2 potions of might {unknown}
 m - 2 potions of brilliance
 v - 2 potions of curing
 w - 4 potions of flight
 x - a potion of heal wounds
 A - 2 potions of lignification {unknown}
 B - 2 potions of attraction {unknown}
 C - 2 potions of degeneration {unknown}


   Skills:
 - Level 3.8 Fighting
 * Level 17.2 Axes
 - Level 2.7 Armour
 - Level 2.4 Dodging


You had 9 spell levels left.
You didn't know any spells.
Your spell library was empty.

Dungeon Overview and Level Annotations

Branches:
Dungeon (9/15)             Temple (0/1) D:6           Sewer (visited)
   Lair: D:8-11         Orc: D:9-12

Altars:
Cheibriados
Gozag
Okawaru
Yredelemnul
Jiyva

Shops:
D:7 =

Annotations:
D:8 3 runed translucent doors, Grim's ghost, novice MiBe


Innate Abilities, Weirdness & Mutations

You have a pair of horns on your head.
You reflexively headbutt those who attack you in melee.


Message History

The splash of acid misses you.
You hear a bellow! x2
The barbs in your skin will harm you if you move.
Continue?
Okay, then.
Aiming: Polymorph
Press: ? - help, Q - select action, (/) - cycle Shift-Dir - straight line, f - manticore
Aim: a manticore (will become a fire bat, a glowing orange brain, or a swamp dragon, chance to affect: 31%)
The manticore easily resists.
The manticore flicks its tail.
The volley of spikes hits you but does no damage.
You barely miss the killer bee. The killer bee stings you.
The killer bee barely misses you.
You closely miss the killer bee.
The killer bee stings you but does no damage.
You hit the killer bee.
The killer bee is moderately wounded.
You closely miss the acid dragon. The killer bee stings you.
The acid dragon spits acid at you. The splash of acid hits you!
The acid corrodes you!
The killer bee stings you but does no damage.
You slash the killer bee!
You kill the killer bee!
Trog accepts your kill.
You hit the acid dragon.
You carefully extract the barbed spikes from your body.
The manticore flicks its tail.
The volley of spikes hits you!
The barbed spikes become lodged in your body.
The acid dragon spits acid at you. The splash of acid hits you!!
* * * LOW HITPOINT WARNING * * *
You hear a bellow!
You feel better. The acid dragon barely misses you. The acid dragon claws you.
* * * LOW HITPOINT WARNING * * *
Aiming: Polymorph
Press: ? - help, Q - select action, (/) - cycle Shift-Dir - straight line, f/p - manticore
Aim: a manticore (will become a fire bat, a glowing orange brain, or a swamp dragon, chance to affect: 31%)
The manticore evaporates and reforms as a glowing orange brain!
The acid dragon bites you!
You die...

#...##..P...P.##.# #...#
######..PP.PP....# #8.8#
##...###.#### #...# ##### #.#
######♣.♣# #.# #...##...#
###.# #...###.##
##.#.#########...###.#
##.#...D..##..........#
...####.###.G.@............##
..HD.D...#......##.....)...#
..#######....########..)####
#.....# #...))).# ##.....
#...)##<# ##.##.# #.#.###.#
#.# .# #.... #.# #.# ..
#.#..##.# #.##.##.#


You could see a glowing orange brain and an acid dragon (catching breath).

Vanquished Creatures
  6 yaks (D:9)
  2 water moccasins (D:8)
  2 orc warriors
  2 sky beasts
  An ice beast (D:6)
  2 ogres
  A tengu (D:5)
  2 necrophages
  A phantom (D:6)
  2 centaurs
  4 kobold brigands
  A bullfrog (D:8)
  3 scorpions
  2 killer bees
  12 wights
  2 howler monkeys (D:8)
  5 hounds
  2 jellies
  An orc priest (D:7)
  A gnoll shaman (D:7)
  2 centaur skeletons
  3 iguanas
  3 orc wizards
  A killer bee zombie (D:4)
  A hound zombie (D:3)
  A hound skeleton (D:3)
  2 howler monkey zombies
  6 adders
  4 gnolls (D:7)
  2 howler monkey skeletons
  A river rat (Sewer)
  A white imp (D:7)
  2 ufetubi
  An adder skeleton (D:3)
  An adder zombie (D:3)
  A worm (D:2)
  3 dart slugs
  17 orcs
  5 ball pythons
  7 endoplasms
  5 giant cockroaches
  6 goblins
  7 hobgoblins
  4 jackals
  9 quokkas
  A ball python skeleton (D:3)
  A ball python zombie (D:3)
  7 bats
  3 frilled lizards
  19 kobolds
  A quokka zombie (D:3)
  29 rats
210 creatures vanquished.

Vanquished Creatures (others)
  13 plants (D:1)
  2 toadstools (D:9)
  4 withered plants (D:3)
19 creatures vanquished.

Grand Total: 229 creatures vanquished

Notes
Turn   | Place    | Note
-------+----------+-------------------------------------------
     0 | D:1      | gregest the Minotaur Berserker began the quest for the Orb.
     0 | D:1      | Reached XP level 1. HP: 19/19 MP: 0/0
   256 | D:1      | Reached XP level 2. HP: 27/27 MP: 1/1
   375 | D:1      | Reached skill level 4 in Axes
  1171 | D:2      | Reached XP level 3. HP: 33/33 MP: 2/2
  1264 | D:2      | Reached ** piety under Trog
  1265 | D:2      | Reached skill level 5 in Axes
  1899 | D:3      | Reached XP level 4. HP: 40/40 MP: 3/3
  2020 | D:3      | Found an iron altar of Okawaru.
  2053 | D:3      | Reached skill level 6 in Axes
  2090 | D:3      | Found an opulent altar of Gozag.
  2090 | D:3      | Found a snail-covered altar of Cheibriados.
  2286 | D:3      | Reached XP level 5. HP: 8/46 MP: 4/4
  2776 | D:3      | Reached *** piety under Trog
  2777 | D:3      | Reached skill level 7 in Axes
  3220 | D:4      | Reached XP level 6. HP: 51/52 MP: 5/5
  3237 | D:4      | Found a glowing drain.
  3258 | Sewer    | Entered a sewer
  3270 | Sewer    | Reached skill level 8 in Axes
  3409 | Sewer    | Found a white marble altar of Elyvilon.
  3594 | D:4      | Reached skill level 9 in Axes
  4126 | D:5      | Entered Level 5 of the Dungeon
  4370 | D:5      | Noticed an ice beast
  4372 | D:5      | an ice beast changed into a tengu
  4381 | D:5      | Reached XP level 7. HP: 42/58 MP: 6/6
  4487 | D:5      | Reached skill level 10 in Axes
  5118 | D:5      | Reached skill level 11 in Axes
  5463 | D:6      | Reached XP level 8. HP: 66/66 MP: 7/7
  5884 | D:6      | Reached skill level 12 in Axes
  6909 | D:6      | Found a staircase to the Ecumenical Temple.
  6993 | D:6      | Reached skill level 13 in Axes
  7288 | D:7      | Identified the +7 broad axe "Uloupn" {vorpal, rN+ Dex+3}
  7517 | D:7      | Reached **** piety under Trog
  7778 | D:7      | Found Ijegogil's Jewellery Emporium.
  7794 | D:7      | Bought a ring of poison resistance for 280 gold pieces
  7891 | D:7      | Found a basalt altar of Yredelemnul.
  7919 | D:7      | Reached skill level 14 in Axes
  8067 | D:7      | Reached XP level 9. HP: 71/71 MP: 8/8
  9052 | D:8      | Reached skill level 15 in Axes
  9493 | D:8      | Found a runed translucent gate.
  9493 | D:8      | Found a runed translucent gate.
  9493 | D:8      | Found a runed translucent gate.
  9496 | D:8      | Noticed Grim's ghost (novice MiBe)
  9500 | D:8      | Found a viscous altar of Jiyva.
 10199 | D:9      | Reached skill level 16 in Axes
 10498 | D:9      | Reached XP level 10. HP: 65/78 MP: 9/9
 10500 | D:9      | Reached skill level 17 in Axes
 10842 | D:9      | Noticed a manticore
 10857 | D:9      | HP: 2/78 [acid dragon/splash of acid (25)]
 10859 | D:9      | Noticed a glowing orange brain
 10859 | D:9      | a manticore changed into a glowing orange brain
 10859 | D:9      | Mangled by an acid dragon

Illustrated notes

Levels and vault maps discovered:
D:1:      minmay_arrival_open_corners, layout_loops_corners,
          serial_bayou_lagoon_a, minmay_crystal_room
D:2:      layout_basic, serial_park_tiny_pond, minivault_23
D:3:      layout_rooms, vehumet_statue, marbit_many_paths,
          gammafunk_temple_overflow_elements, basic_ecumenical_altar,
          serial_undead, serial_undead_d, serial_undead_e, serial_undead_c,
          serial_undead_e, serial_undead_a, hex_medium, minmay_rat_hole
D:4:      layout_basic, gup_sewer_entry_pipe, minivault_26
D:5:      layout_basic
D:6:      layout_loops_ring, lemuel_temple_firewalk_b, serial_rivers,
          chequers_serial_rivers_large_a, chequers_serial_rivers_room_b,
          chequers_serial_rivers_micro_a, chequers_serial_rivers_marsh,
          chequers_serial_rivers_small_a, chequers_serial_rivers_large_b,
          amcnicky_mini_pool_small, chequers_garden
D:7:      layout_gridville, mainiacjoe_overflow_small_starburst, serial_shops,
          shop_statue, corexii_checkpoint_a
D:8:      layout_layer_cave, gammafunk_ghost_ooze, minmay_manual_mail
D:9:      layout_loops_corners, lemuel_coloured_pillars_altar, elyvilon_altar_3,
          gammafunk_ghost_spectres, grunt_ministairs_7, chequers_avenue,
          minmay_gold_behind_fungi, hangedman_feature_mirror

Skill      XL: |  1  2  3  4  5  6  7  8  9 10 |
---------------+-------------------------------+-----
Axes           | 4 5 6 7 9 11 14 16 17 | 17.2
Fighting       | |  3.8
Armour         | |  2.7
Dodging        | |  2.4

Action                   |  1- 3 |  4- 6 |  7- 9 | 10-12 || total
-------------------------+-------+-------+-------+-------++-------
Melee: Hand axe          |    77 |   179 |   136 |       ||   392
       Headbutt          |    17 |    23 |    50 |       ||    90
       Punch             |       |     1 |     3 |     1 ||     5
       Broad axe         |       |       |    98 |     8 ||   106
Invok: Berserk           |       |     3 |     2 |       ||     5
Evoke: Wand              |       |     1 |       |     2 ||     3
  Use: Scroll            |       |     4 |     2 |       ||     6
       Potion            |       |       |       |     1 ||     1
Armor: Ring mail         |    17 |    47 |    19 |       ||    83
       Scale mail        |       |       |    22 |     3 ||    25
Dodge: Dodged            |    55 |    84 |    94 |     3 ||   236
Block: Other             |       |       |    20 |       ||    20
       Reflection        |       |       |     1 |       ||     1

Table legend: (Time is in decaauts)
 A = Elapsed time spent in this place.
 B = Non-inter-level travel time spent in this place.
 C = Inter-level travel time spent in this place.
 D = Time resting spent in this place.
 E = Time spent auto-exploring this place.
 F = Levels seen in this place.
 G = Mean time per level.
                   A        B        C        D        E       F      G
               +--------+--------+--------+--------+--------+-----+--------+
         Total |  10957 |  10586 |    371 |   2265 |   6687 |  10 | 1095.7 |
       Dungeon |  10648 |  10277 |    371 |   2227 |   6601 |   9 | 1183.1 |
         Sewer |    309 |    309 |      0 |     37 |     86 |   1 |  309.0 |
               +--------+--------+--------+--------+--------+-----+--------+

Top non-repeatable levels by time:
     D:6: 2060 daAuts
     D:8: 1505 daAuts
     D:5: 1274 daAuts
     D:7: 1214 daAuts
     D:1: 1178 daAuts
     D:4: 1103 daAuts
     D:3: 976 daAuts
     D:9: 679 daAuts
     D:2: 655 daAuts
   Sewer: 309 daAuts
